| TOP OF THE 1ST |
|
Lakeland Pilots batting - Pitching for Tampa Pirates : RHP Derek Botelho
|
|
Pitching: RHP Derek Botelho
|
|
|
Batting: RHB Nick Capra
|
0-0: Ball 1-0: Bunt for hit to 13 - play at first, batter OUT! 1-3
|
|
Batting: RHB Dave C Anderson
|
0-0: DOUBLE (Groundball, 5L, EV 105.6 MPH)
|
|
Batting: SHB Mike D Young
|
0-0: Ball 1-0: Called Strike 1-1: Ball 2-1: Fly out, F9 (Flyball, 9D, EV 101.9 MPH) Runner from 2nd tags up, SAFE at 3rd, no throw by RF
|
|
Batting: LHB Mike Laga
|
0-0: Ball 1-0: Swinging Strike 1-1: Ball 2-1: Ball 3-1: Called Strike 3-2: Foul Ball, location: 2F 3-2: Strikes out swinging
|
| Top of the 1st over - 0 runs, 1 hit, 0 errors, 1 left on base; Lakeland 0 - Tampa 0 |
| BOTTOM OF THE 1ST |
|
Tampa Pirates batting - Pitching for Lakeland Pilots : LHP Danny Jackson
|
|
Pitching: LHP Danny Jackson
|
|
|
Batting: RHB Drungo Hazewood
|
0-0: Reached on error, E6 (Groundball, 6, EV 83.1 MPH)
|
|
Batting: LHB David Frederick
|
0-0: Reached on error, E5 (Groundball, 56, EV 103.8 MPH) Drungo Hazewood to third
|
|
Batting: LHB Reggie West
|
0-0: Ball 1-0: Ball 2-0: Foul Ball, location: 2F 2-1: Swinging Strike 2-2: Fielders Choice at 2nd, 5-4 (Groundball, 56, EV 86.9 MPH) Drungo Hazewood scores
|
|
Batting: RHB Cliff Pastornicky
|
0-0: Ball 1-0: Called Strike 1-1: Ball 2-1: Ball 3-1: Fly out, F8 (Flyball, 8LM, EV 79.4 MPH)
|
|
Batting: RHB Ricky Jones
|
0-0: Ball 1-0: Called Strike 1-1: Ball 2-1: SINGLE (Groundball, 5L, EV 102.5 MPH) Reggie West to second
|
|
Batting: SHB Gary Springer
|
0-0: Foul Ball, location: 2F 0-1: Ball 1-1: Ball 2-1: Foul Ball, location: 2F 2-2: Ball 3-2: Fly out, F9 (Line Drive, 9, EV 86.3 MPH)
|
| Bottom of the 1st over - 1 run, 1 hit, 2 errors, 2 left on base; Lakeland 0 - Tampa 1 |
| TOP OF THE 2ND |
|
Lakeland Pilots batting - Pitching for Tampa Pirates : RHP Derek Botelho
|
|
Batting: LHB Larry Ray
|
0-0: Ball 1-0: SOLO HOME RUN (Flyball, 7D, EV 95.6 MPH), Distance : 362 ft
|
|
Batting: RHB Rusty Tillman
|
0-0: Ball 1-0: Ball 2-0: Ball 3-0: Called Strike 3-1: SINGLE (Groundball, 6MD, EV 101.3 MPH)
|
|
Batting: RHB Vernon Armstead
|
0-0: Ball 1-0: Ball 2-0: Swinging Strike 2-1: Swinging Strike 2-2: Strikes out swinging Rusty Tillman steals 2nd base Batter strikes out.
|
|
Batting: RHB Alex Sanchez
|
0-0: Ball 1-0: Ball 2-0: Ball 3-0: Foul Ball, location: 2F 3-1: SINGLE (Groundball, 6MS, EV 83.1 MPH) (infield hit) Rusty Tillman to third
|
|
Batting: RHB Dennis Delany
|
0-0: Called Strike 0-1: DOUBLE (Groundball, 5L, EV 106.9 MPH) Rusty Tillman scores Alex Sanchez to third Runner from 3rd tries for Home, SAFE, throw by LF to trailing runner, OUT at third! 7-6-5
|
|
Batting: RHB Nick Capra
|
0-0: Ball 1-0: Called Strike 1-1: SINGLE (Line Drive, 56D, EV 102.5 MPH)
|
|
Batting: RHB Dave C Anderson
|
0-0: Ball 1-0: Ball 2-0: Ball 3-0: Called Strike 3-1: Foul Ball, location: 2F Pickoff Throw to First - Error! E1 Nick Capra to second 3-2: Base on Balls
|
|
Batting: SHB Mike D Young
|
0-0: Ball 1-0: Ball 2-0: Called Strike 2-1: Ball 3-1: Called Strike 3-2: Ground out 4-3 (Groundball, 4D, EV 108.8 MPH)
|
| Top of the 2nd over - 3 runs, 5 hits, 1 error, 2 left on base; Lakeland 3 - Tampa 1 |
| BOTTOM OF THE 2ND |
|
Tampa Pirates batting - Pitching for Lakeland Pilots : LHP Danny Jackson
|
|
Batting: LHB Alfredo Rodriguez
|
0-0: Fly out, F6 (Popup, 56D, EV 42.5 MPH)
|
|
Batting: RHB Dale Eiler
|
0-0: Called Strike 0-1: Foul Ball, location: 2F 0-2: Ball 1-2: Ball 2-2: Ball 3-2: Strikes out swinging
|
|
Batting: RHB Roy Dixon
|
0-0: Ball 1-0: Swinging Strike 1-1: Ball 2-1: Called Strike 2-2: Ball 3-2: DOUBLE (Groundball, 5L, EV 105.0 MPH)
|
|
Batting: RHB Drungo Hazewood
|
0-0: Swinging Strike Passed Ball! Roy Dixon to third 0-1: Ball 1-1: Swinging Strike 1-2: Ground out 1-3 (Groundball, 15S, EV 70.6 MPH)
|
| Bottom of the 2nd over - 0 runs, 1 hit, 0 errors, 1 left on base; Lakeland 3 - Tampa 1 |
| TOP OF THE 3RD |
|
Lakeland Pilots batting - Pitching for Tampa Pirates : RHP Derek Botelho
|
|
Batting: LHB Mike Laga
|
0-0: Called Strike 0-1: Ball 1-1: Foul Ball, location: 2F 1-2: Ball 2-2: Ball 3-2: Base on Balls
|
|
Batting: LHB Larry Ray
|
0-0: Called Strike 0-1: 2-RUN HOME RUN (Flyball, 9D, EV 100.6 MPH), Distance : 375 ft
|
|
Batting: RHB Rusty Tillman
|
0-0: Ball 1-0: Ground out 4-3 (Groundball, 4M, EV 101.3 MPH)
|
|
Batting: RHB Vernon Armstead
|
0-0: Ball 1-0: Ball 2-0: Ball 3-0: Called Strike 3-1: Ground out 4-3 (Groundball, 4, EV 101.9 MPH)
|
|
Batting: RHB Alex Sanchez
|
0-0: Called Strike 0-1: Ground out 4-3 (Groundball, 4, EV 86.3 MPH)
|
| Top of the 3rd over - 2 runs, 1 hit, 0 errors, 0 left on base; Lakeland 5 - Tampa 1 |
| BOTTOM OF THE 3RD |
|
Tampa Pirates batting - Pitching for Lakeland Pilots : LHP Danny Jackson
|
|
Batting: LHB David Frederick
|
0-0: Foul Ball, location: 2F 0-1: Ground out 6-3 (Groundball, 56, EV 108.8 MPH)
|
|
Batting: LHB Reggie West
|
0-0: Ball 1-0: Ball 2-0: Foul Ball, location: 2F 2-1: Fly out, F7 (Flyball, 7D, EV 105.6 MPH)
|
|
Batting: RHB Cliff Pastornicky
|
0-0: Called Strike 0-1: Ball 1-1: Called Strike 1-2: Ball 2-2: DOUBLE (Line Drive, 78M, EV 95.0 MPH)
|
|
Batting: RHB Ricky Jones
|
0-0: Called Strike 0-1: Ball 1-1: Fly out, F8 (Flyball, 8LM, EV 83.1 MPH)
|
| Bottom of the 3rd over - 0 runs, 1 hit, 0 errors, 1 left on base; Lakeland 5 - Tampa 1 |
| TOP OF THE 4TH |
|
Lakeland Pilots batting - Pitching for Tampa Pirates : RHP Derek Botelho
|
|
Batting: RHB Dennis Delany
|
0-0: Ball 1-0: Swinging Strike 1-1: Ground out U3 (Groundball, 34S, EV 81.9 MPH)
|
|
Batting: RHB Nick Capra
|
0-0: Ball 1-0: Ball 2-0: Ball 3-0: Called Strike 3-1: Base on Balls
|
|
Batting: RHB Dave C Anderson
|
0-0: Called Strike 0-1: Foul Ball, location: 2F 0-2: Fielders Choice at 2nd, 5-4 (Groundball, 56S, EV 75.6 MPH)
|
|
Batting: SHB Mike D Young
|
0-0: Ball Dave C Anderson steals 2nd base 1-0: Foul Ball, location: 2F 1-1: Foul Ball, location: 2F 1-2: Ball 2-2: TRIPLE (Flyball, 89XD, EV 93.8 MPH) Dave C Anderson scores
|
|
Batting: LHB Mike Laga
|
0-0: Ball 1-0: Foul Ball, location: 2F 1-1: 2-RUN HOME RUN (Flyball, 7LD, EV 91.9 MPH), Distance : 363 ft
|
|
Pitching: LHP George Persandi
|
|
|
Batting: LHB Larry Ray
|
0-0: Ball 1-0: SINGLE (Groundball, 34D, EV 106.3 MPH)
|
|
Batting: RHB Rusty Tillman
|
0-0: SINGLE (Groundball, 56S, EV 71.3 MPH) (infield hit) Larry Ray to second
|
|
Batting: RHB Vernon Armstead
|
0-0: Called Strike 0-1: Ball 1-1: SINGLE (Line Drive, 7S, EV 91.9 MPH) Larry Ray to third Rusty Tillman to second Runner from 3rd tries for Home, SAFE, throw by LF to home
|
|
Batting: RHB Alex Sanchez
|
0-0: Swinging Strike 0-1: Ball 1-1: Called Strike 1-2: Ball 2-2: Strikes out swinging
|
| Top of the 4th over - 4 runs, 5 hits, 0 errors, 2 left on base; Lakeland 9 - Tampa 1 |
| BOTTOM OF THE 4TH |
|
Tampa Pirates batting - Pitching for Lakeland Pilots : LHP Danny Jackson
|
|
Batting: SHB Gary Springer
|
0-0: Ball 1-0: Foul Ball, location: 2F 1-1: Ball 2-1: Fly out, F8 (Flyball, 8RD, EV 83.8 MPH)
|
|
Batting: LHB Alfredo Rodriguez
|
0-0: Fly out, F8 (Line Drive, 8RM, EV 97.5 MPH)
|
|
Batting: RHB Dale Eiler
|
0-0: Ball 1-0: Ball 2-0: SINGLE (Groundball, 56D, EV 102.5 MPH)
|
|
Batting: RHB Roy Dixon
|
0-0: Ball Passed Ball! Dale Eiler to second 1-0: Called Strike 1-1: Foul Ball, location: 2F 1-2: Strikes out swinging
|
| Bottom of the 4th over - 0 runs, 1 hit, 0 errors, 1 left on base; Lakeland 9 - Tampa 1 |
| TOP OF THE 5TH |
|
Lakeland Pilots batting - Pitching for Tampa Pirates : LHP George Persandi
|
|
Batting: RHB Dennis Delany
|
0-0: Ball 1-0: Called Strike 1-1: Ball 2-1: Foul Ball, location: 2F 2-2: Ball 3-2: Fly out, F2 (Popup, 5SF, EV 79.4 MPH)
|
|
Batting: RHB Nick Capra
|
0-0: Called Strike 0-1: Swinging Strike 0-2: Ball 1-2: Ball 2-2: Ball 3-2: Fly out, F2 (Popup, 5SF, EV 79.4 MPH)
|
|
Batting: RHB Dave C Anderson
|
0-0: Ball 1-0: Ball 2-0: Ball 3-0: Base on Balls
|
|
Batting: SHB Mike D Young
|
0-0: Foul Ball, location: 2F 0-1: Ball 1-1: Called Strike 1-2: Ball Dave C Anderson steals 2nd base 2-2: Ball 3-2: Strikes out swinging
|
| Top of the 5th over - 0 runs, 0 hits, 0 errors, 1 left on base; Lakeland 9 - Tampa 1 |
| BOTTOM OF THE 5TH |
|
Tampa Pirates batting - Pitching for Lakeland Pilots : LHP Danny Jackson
|
|
Batting: RHB Drungo Hazewood
|
0-0: Foul Ball, location: 2F 0-1: Foul Ball, location: 2F 0-2: Ball 1-2: Fly out, F8 (Flyball, 8LD, EV 99.4 MPH)
|
|
Batting: LHB David Frederick
|
0-0: Called Strike 0-1: Foul Ball, location: 2F 0-2: Ball 1-2: Foul Ball, location: 2F 1-2: Ball 2-2: SINGLE (Groundball, 4D, EV 101.9 MPH)
|
|
Batting: LHB Reggie West
|
0-0: Ball 1-0: Called Strike 1-1: Ball 2-1: Ball David Frederick steals 2nd base (no throw) 3-1: Base on Balls
|
|
Batting: RHB Cliff Pastornicky
|
0-0: Ball 1-0: Swinging Strike 1-1: Ball 2-1: SINGLE (Groundball, 6MD, EV 106.3 MPH) David Frederick to third Reggie West to second Runner from 3rd tries for Home, SAFE, throw by CF to home
|
|
Batting: RHB Ricky Jones
|
0-0: Called Strike 0-1: Foul Ball, location: 2F 0-2: Ball 1-2: Foul Ball, location: 2F 1-2: Foul Ball, location: 2F 1-2: Ball 2-2: Ball 3-2: Foul Ball, location: 2F 3-2: Foul Ball, location: 2F 3-2: Strikes out swinging
|
|
Batting: SHB Gary Springer
|
0-0: Foul Ball, location: 2F 0-1: Foul Ball, location: 2F 0-2: Foul Ball, location: 2F 0-2: Fielders Choice at 2nd, 6-4 (Groundball, 6, EV 88.8 MPH)
|
| Bottom of the 5th over - 1 run, 2 hits, 0 errors, 2 left on base; Lakeland 9 - Tampa 2 |
| TOP OF THE 6TH |
|
Lakeland Pilots batting - Pitching for Tampa Pirates : LHP George Persandi
|
|
Batting: LHB Mike Laga
|
0-0: Ball 1-0: Foul Ball, location: 2F 1-1: Ball 2-1: Ball 3-1: Called Strike 3-2: Base on Balls
|
|
Pitching: RHP Brian McCaslin
|
|
|
Batting: LHB Larry Ray
|
0-0: Ball 1-0: Ball 2-0: Ball 3-0: Called Strike 3-1: Called Strike 3-2: Foul Ball, location: 2F 3-2: Base on Balls Mike Laga to second
|
|
Batting: RHB Rusty Tillman
|
0-0: Called Strike 0-1: Called Strike 0-2: Foul Ball, location: 2F 0-2: Strikes out swinging
|
|
Batting: RHB Vernon Armstead
|
0-0: Called Strike 0-1: Ball 1-1: Ball 2-1: Ball 3-1: Called Strike 3-2: Foul Ball, location: 2F 3-2: Fly out, F9 (Flyball, 89S, EV 89.4 MPH)
|
|
Batting: RHB Alex Sanchez
|
0-0: Foul Ball, location: 2F 0-1: Fielders Choice at 2nd, 6-4 (Groundball, 56D, EV 101.3 MPH)
|
| Top of the 6th over - 0 runs, 0 hits, 0 errors, 2 left on base; Lakeland 9 - Tampa 2 |
| BOTTOM OF THE 6TH |
|
Tampa Pirates batting - Pitching for Lakeland Pilots : LHP Danny Jackson
|
|
Batting: LHB Alfredo Rodriguez
|
0-0: Called Strike 0-1: SINGLE (Groundball, 6D, EV 98.8 MPH)
|
|
Batting: RHB Dale Eiler
|
0-0: Called Strike 0-1: Foul Ball, location: 2F 0-2: Ball 1-2: SINGLE (Groundball, 25, EV 71.3 MPH) (infield hit) Alfredo Rodriguez to second
|
|
Batting: RHB Roy Dixon
|
0-0: Called Strike 0-1: Ball 1-1: Ball 2-1: Ball 3-1: Base on Balls Alfredo Rodriguez to third Dale Eiler to second
|
|
Batting: RHB Drungo Hazewood
|
0-0: Foul Ball, location: 2F 0-1: Ball 1-1: Reached on error, E4 (Groundball, 4, EV 106.3 MPH) Alfredo Rodriguez scores Dale Eiler to third Roy Dixon to second
|
|
Batting: LHB David Frederick
|
0-0: Foul Ball, location: 2F 0-1: Fly out, F5 (Popup, 56, EV 54.4 MPH)
|
|
Batting: LHB Reggie West
|
0-0: Ball 1-0: Called Strike 1-1: Foul Ball, location: 2F 1-2: Fielders Choice at 2nd, 4-6 (Groundball, 4, EV 81.9 MPH) Dale Eiler scores Roy Dixon to third
|
|
Batting: RHB Cliff Pastornicky
|
0-0: Fly out, F3 (Popup, 23F, EV 80.6 MPH)
|
| Bottom of the 6th over - 2 runs, 2 hits, 1 error, 2 left on base; Lakeland 9 - Tampa 4 |
| TOP OF THE 7TH |
|
Lakeland Pilots batting - Pitching for Tampa Pirates : RHP Brian McCaslin
|
|
Batting: RHB Dennis Delany
|
0-0: Called Strike 0-1: Foul Ball, location: 2F 0-2: Strikes out swinging
|
|
Batting: RHB Nick Capra
|
0-0: Ball 1-0: Ball 2-0: Ball 3-0: Called Strike 3-1: Swinging Strike 3-2: Fly out, F8 (Flyball, 8LM, EV 86.3 MPH)
|
|
Batting: RHB Dave C Anderson
|
0-0: Ball 1-0: SINGLE (Groundball, 4MD, EV 97.5 MPH)
|
|
Batting: SHB Mike D Young
|
0-0: Ball Dave C Anderson steals 2nd base 1-0: Called Strike 1-1: Ball 2-1: Ground out 5-3 (Groundball, 5L, EV 79.4 MPH)
|
| Top of the 7th over - 0 runs, 1 hit, 0 errors, 1 left on base; Lakeland 9 - Tampa 4 |
| BOTTOM OF THE 7TH |
|
Tampa Pirates batting - Pitching for Lakeland Pilots : LHP Danny Jackson
|
|
Batting: RHB Ricky Jones
|
0-0: SOLO HOME RUN (Flyball, 7LD, EV 97.5 MPH), Distance : 358 ft
|
|
Batting: SHB Gary Springer
|
0-0: Ball 1-0: Ball 2-0: Ball 3-0: Called Strike 3-1: Called Strike 3-2: Fly out, F8 (Flyball, 8LM, EV 86.3 MPH)
|
|
Batting: LHB Alfredo Rodriguez
|
0-0: Fly out, F8 (Flyball, 8LM, EV 93.8 MPH)
|
|
Batting: RHB Dale Eiler
|
0-0: Called Strike 0-1: Foul Ball, location: 2F 0-2: Strikes out swinging
|
| Bottom of the 7th over - 1 run, 1 hit, 0 errors, 0 left on base; Lakeland 9 - Tampa 5 |
| TOP OF THE 8TH |
|
Lakeland Pilots batting - Pitching for Tampa Pirates : RHP Brian McCaslin
|
|
Batting: LHB Mike Laga
|
0-0: Ball 1-0: Called Strike 1-1: Foul Ball, location: 2F 1-2: Ball 2-2: Foul Ball, location: 2F 2-2: Ground out 4-3 (Groundball, 34, EV 108.1 MPH)
|
|
Pitching: LHP Christopher Lombardo
|
|
|
Batting: LHB Larry Ray
|
0-0: Foul Ball, location: 2F 0-1: Foul Ball, location: 2F 0-2: Strikes out swinging
|
|
Batting: RHB Rusty Tillman
|
0-0: Called Strike 0-1: Ball 1-1: Ball 2-1: Foul Ball, location: 2F 2-2: Ground out 4-3 (Groundball, 34, EV 83.8 MPH)
|
| Top of the 8th over - 0 runs, 0 hits, 0 errors, 0 left on base; Lakeland 9 - Tampa 5 |
| BOTTOM OF THE 8TH |
|
Tampa Pirates batting - Pitching for Lakeland Pilots : LHP Danny Jackson
|
|
Batting: RHB Roy Dixon
|
0-0: Swinging Strike 0-1: Ball 1-1: Ball 2-1: Ball 3-1: Called Strike 3-2: Foul Ball, location: 2F 3-2: Strikes out swinging
|
|
Batting: RHB Drungo Hazewood
|
0-0: Ball 1-0: Called Strike 1-1: Foul Ball, location: 2F 1-2: Ground out 6-3 (Groundball, 6, EV 90.6 MPH)
|
|
Batting: LHB David Frederick
|
0-0: Fly out, F7 (Flyball, 7, EV 93.1 MPH)
|
| Bottom of the 8th over - 0 runs, 0 hits, 0 errors, 0 left on base; Lakeland 9 - Tampa 5 |
| TOP OF THE 9TH |
|
Lakeland Pilots batting - Pitching for Tampa Pirates : LHP Christopher Lombardo
|
|
Batting: RHB Vernon Armstead
|
0-0: Swinging Strike 0-1: Ball 1-1: Ball 2-1: Called Strike 2-2: Ball 3-2: Strikes out swinging
|
|
Batting: RHB Alex Sanchez
|
0-0: Called Strike 0-1: Ball 1-1: Ball 2-1: Called Strike 2-2: Ball 3-2: Ground out 5-3 (Groundball, 56S, EV 88.8 MPH)
|
|
Batting: RHB Dennis Delany
|
0-0: Ball 1-0: Called Strike 1-1: Swinging Strike 1-2: Strikes out looking
|
| Top of the 9th over - 0 runs, 0 hits, 0 errors, 0 left on base; Lakeland 9 - Tampa 5 |
| BOTTOM OF THE 9TH |
|
Tampa Pirates batting - Pitching for Lakeland Pilots : LHP Danny Jackson
|
|
Pitching: RHP Joe Boever
|
|
|
Batting: LHB Reggie West
|
0-0: Called Strike 0-1: Ball 1-1: Ball 2-1: Foul Ball, location: 2F 2-2: Foul Ball, location: 2F 2-2: Ground out 4-3 (Groundball, 4D, EV 82.5 MPH)
|
|
Batting: RHB Cliff Pastornicky
|
0-0: Ball 1-0: Called Strike 1-1: Fly out, F7 (Line Drive, 7S, EV 98.8 MPH)
|
|
Batting: RHB Ricky Jones
|
0-0: Ball 1-0: Ball 2-0: Ground out 3-1 (Groundball, 34, EV 88.1 MPH)
|
| Bottom of the 9th over - 0 runs, 0 hits, 0 errors, 0 left on base; Lakeland 9 - Tampa 5 |
|